 Dungeon Crawl Stone Soup version 0.26-a0-708-g17f3b190f9 (webtiles) character file.

Game seed: 3187057368642629477

1335 jasper the Basher (level 8, -7/46 HPs)
             Began as a Kobold Fighter on Oct 30, 2020.
             Was an Initiate of Dithmenos.
             Mangled by a two-headed ogre
             ... wielding a cursed -1 giant spiked club
              (21 damage)
             ... on level 8 of the Dungeon.
             The game lasted 00:09:38 (8644 turns).

jasper the Basher (Kobold Fighter)                  Turns: 8644, Time: 00:09:39

Health: -7/46      AC:  7    Str: 13    XL:     8   Next: 92%
Magic:  8/8        EV:  8    Int: 10    God:    Dithmenos [......]
Gold:   413        SH:  9    Dex: 16    Spells: 7/7 levels left

rFire    . . .     SeeInvis .   e - +2 whip (drain)
rCold    . . .     Faith    .   c - +0 kite shield
rNeg     . . .     Spirit   .   b - +0 scale mail
rPois    .         Reflect  .   (no helmet)
rElec    .         Harm     .   k - +0 cloak
rCorr    .         Rampage  .   (no gloves)
MR       .....                  (no boots)
Stlth    +.........             (no amulet)
HPRegen  0.15/turn              (no ring)
MPRegen  0.11/turn              (no ring)

@: mighty
A: small, nightstalker 3
a: Renounce Religion


You were on level 8 of the Dungeon.
You worshipped Dithmenos.
Dithmenos was noncommittal.
You visited 2 branches of the dungeon, and saw 9 of its levels.
You also visited: Sewer and Ossuary.

You collected 413 gold pieces.

Inventory:

Hand Weapons
 a - a +0 flail
 e - a +2 whip of draining (weapon)
 z - a +4 antimagic mace
 C - a +0 flail
Missiles
 g - 297 stones
 q - 37 bolts
 t - 20 poisoned darts
 x - 5 boomerangs (quivered)
Armour
 b - a +0 scale mail (worn)
 c - a +0 kite shield (worn)
 k - a +0 cloak (worn)
Jewellery
 D - an uncursed ring of ice
Scrolls
 h - a scroll of blinking
 i - 6 scrolls of teleportation
 j - 5 scrolls of remove curse
 s - a scroll of immolation {unknown}
 u - 2 scrolls of enchant weapon {unknown}
 y - a scroll of noise {unknown}
 A - a scroll of magic mapping {unknown}
Potions
 l - a potion of curing
 m - 2 potions of flight
 o - 2 potions of resistance
 p - 2 potions of invisibility {unknown}
 r - a potion of mutation {unknown}
 v - a potion of berserk rage {unknown}
 w - 2 potions of lignification {unknown}
 B - a potion of heal wounds {unknown}


   Skills:
 - Level 3.2 Fighting
 + Level 9.5 Maces & Flails
 - Level 2.4 Armour
 - Level 2.4 Shields


You had 7 spell levels left.
You didn't know any spells.
Your spell library was empty.

Dungeon Overview and Level Annotations

Branches:
Dungeon (7/15)             Temple (1/1) D:4           Sewer (visited)
Ossuary (visited)

Altars:
Ashenzari
Cheibriados
Dithmenos
Elyvilon
Fedhas
Gozag
Hepliaklqana
Kikubaaqudgha
Makhleb
Nemelex Xobeh
Okawaru
Qazlal
Sif Muna
Trog
Uskayaw
Vehumet
Xom
Yredelemnul
Zin
The Shining One

Shops:
D:5 :


Innate Abilities, Weirdness & Mutations

You are small and have problems with some larger weapons.
You are completely attuned to the shadows.


Message History

The boomerang barely misses the two-headed ogre.
You hit the two-headed ogre but do no damage.
The two-headed ogre hits you with a cursed -1 giant spiked club!
The two-headed ogre hits you with a +0 giant club!
You take 22 damage, and have 24/46 hp.
MASSIVE DAMAGE!!
You are too injured to fight recklessly!
You are too injured to fight recklessly!
You whack the two-headed ogre! You drain the two-headed ogre.
The two-headed ogre is heavily wounded.
You hit the two-headed ogre.
The two-headed ogre is heavily wounded.
The two-headed ogre hits you but does no damage.
You block the two-headed ogre's attack.
You barely miss the two-headed ogre.
The two-headed ogre is heavily wounded.
You whack the two-headed ogre!
The two-headed ogre is severely wounded.
The two-headed ogre hits you with a cursed -1 giant spiked club!
The two-headed ogre hits you with a +0 giant club!!
You die...

#.# #.# #.# ##.# ...#
#..... #....... .###
#....... .......
.#####......###......
....##...........O...
....##..##.###..@....
.....).>.............
....†##.##.####......
....###.##.# #......
........##.# #......
......####<# #......
...... ### ......
#.....


You could see a two-headed ogre (drained).

Vanquished Creatures
  A centaur (D:6)
  An ogre (D:8)
  3 bullfrogs
  A wyvern skeleton (D:6)
  2 scorpions
  A howler monkey (D:5)
  2 bullfrog zombies (D:5)
  2 hounds
  An orc priest (D:6)
  A gnoll shaman (D:6)
  3 orc wizards
  A bullfrog skeleton (D:5)
  Ijyb (D:3)
  4 worker ants
  A killer bee zombie (D:6)
  A hound zombie (D:7)
  A mummy (D:4)
  A hound skeleton (D:6)
  A worker ant zombie (D:5)
  5 gnolls (D:6)
  9 adders
  2 white imps
  2 ufetubi
  3 worms
  5 dart slugs
  6 leopard geckos
  13 orcs
  11 giant cockroaches
  10 goblins
  8 hobgoblins
  11 jackals
  10 kobolds
  2 quokkas
  2 ball pythons
  11 bats
  9 frilled lizards
  A jackal zombie (D:6)
  A leopard gecko zombie (D:5)
  A quokka skeleton (D:4)
  8 rats
159 creatures vanquished.

Vanquished Creatures (others)
  3 withered plants (Ossuary)
3 creatures vanquished.

Grand Total: 162 creatures vanquished

Notes
Turn   | Place    | Note
-------+----------+-------------------------------------------
     0 | D:1      | jasper the Kobold Fighter began the quest for the Orb.
     0 | D:1      | Reached XP level 1. HP: 14/14 MP: 1/1
    65 | D:1      | Reached skill level 2 in Maces & Flails
   287 | D:1      | Reached XP level 2. HP: 17/19 MP: 2/2
   557 | D:1      | Reached XP level 3. HP: 23/23 MP: 3/3
   576 | D:1      | Reached skill level 3 in Maces & Flails
  1367 | D:2      | Reached XP level 4. HP: 23/28 MP: 4/4
  1651 | D:2      | Found a hazy altar of Hepliaklqana.
  1736 | D:2      | Reached skill level 4 in Maces & Flails
  2001 | D:2      | Found a shimmering blue altar of Sif Muna.
  2305 | D:3      | Reached XP level 5. HP: 24/32 MP: 5/5
  2471 | D:3      | Found an opulent altar of Gozag.
  2559 | D:3      | Noticed Ijyb
  2560 | D:3      | Paralysed by Ijyb for 3 turns
  2571 | D:3      | Paralysed by Ijyb for 5 turns
  2592 | D:3      | Killed Ijyb
  2778 | D:3      | Reached skill level 5 in Maces & Flails
  2916 | D:3      | Found a hide-covered altar of Uskayaw.
  3256 | D:4      | Reached XP level 6. HP: 37/37 MP: 6/6
  3378 | D:4      | Found a sand-covered staircase.
  3384 | Ossuary  | Entered an ossuary
  3645 | D:4      | Found a glowing drain.
  3649 | Sewer    | Entered a sewer
  4412 | D:4      | Reached skill level 6 in Maces & Flails
  4589 | D:4      | Noticed a phantom
  4818 | D:4      | Found a staircase to the Ecumenical Temple.
  4892 | Temple   | Entered the Ecumenical Temple
  5292 | D:5      | Entered Level 5 of the Dungeon
  5412 | D:5      | Reached XP level 7. HP: 32/41 MP: 7/7
  5915 | D:5      | Found Liutura's Book Shop.
  6113 | D:5      | Reached skill level 7 in Maces & Flails
  7009 | D:6      | Reached XP level 8. HP: 38/46 MP: 8/8
  7139 | D:6      | Reached skill level 8 in Maces & Flails
  7313 | D:6      | Found a shadowy altar of Dithmenos.
  7362 | D:6      | Became a worshipper of Dithmenos the Shadowed
  7617 | D:6      | Found a stormy altar of Qazlal.
  7879 | D:7      | Found a burning altar of Makhleb.
  8160 | D:7      | Reached skill level 9 in Maces & Flails
  8238 | D:7      | You fall into a shaft and drop 1 floor!
  8637 | D:8      | Noticed a two-headed ogre
  8644 | D:8      | Mangled by a two-headed ogre

Illustrated notes

Levels and vault maps discovered:
D:1:      dpeg_arrival_round_b, layout_basic, minmay_pentomino_t2
D:2:      layout_loops_ring, led_sif_pool, lemuel_doored_altar
D:3:      layout_basic, lemuel_crystal_altar, eat_drink_and_be_merry_uskayaw,
          uniq_ijyb
D:4:      layout_basic, minmay_temple_entry_water_ring,
          chequers_ossuary_entry_cave, gup_sewer_entry_bowl
D:5:      layout_loops_corners, serial_shops, shop
D:6:      layout_loops_ring, grunt_qazlal_sundering,
          nicolae_dithmenos_through_a_glass_darkly
D:7:      layout_basic, old_standard_altar, bloody_makhleb, xom_redecorated,
          uniq_crazy_yiuf_cottage
D:8:      layout_basic, uniq_erica, uniq_maurice
Temple:   oiseaux_autumnal_temple

Skill      XL: |  1  2  3  4  5  6  7  8 |
---------------+-------------------------+-----
Maces & Flails | 2 3 4 5 6 7 9 |  9.5
Fighting       | |  3.2
Armour         | |  2.4
Shields        | |  2.4

Action                   |  1- 3 |  4- 6 |  7- 9 || total
-------------------------+-------+-------+-------++-------
Melee: Flail             |    37 |       |       ||    37
       Whip              |    62 |   233 |   281 ||   576
Throw: Stone             |     8 |    51 |       ||    59
       Boomerang         |       |    21 |    42 ||    63
  Use: Scroll            |       |       |     7 ||     7
       Potion            |       |       |     2 ||     2
Armor: Scale mail        |    31 |    81 |    48 ||   160
Dodge: Dodged            |    46 |    66 |    75 ||   187
Block: Kite shield       |    40 |    80 |    83 ||   203

Table legend: (Time is in decaauts)
 A = Elapsed time spent in this place.
 B = Non-inter-level travel time spent in this place.
 C = Inter-level travel time spent in this place.
 D = Time resting spent in this place.
 E = Time spent auto-exploring this place.
 F = Levels seen in this place.
 G = Mean time per level.
                   A        B        C        D        E       F      G
               +--------+--------+--------+--------+--------+-----+--------+
         Total |   8771 |   8599 |    172 |    496 |   6801 |  11 |  797.4 |
       Dungeon |   7645 |   7500 |    145 |    496 |   5843 |   8 |  955.6 |
        Temple |    312 |    285 |     27 |      0 |    283 |   1 |  312.0 |
         Sewer |    789 |    789 |      0 |      0 |    671 |   1 |  789.0 |
       Ossuary |     23 |     23 |      0 |      0 |      3 |   1 |   23.0 |
               +--------+--------+--------+--------+--------+-----+--------+

Top non-repeatable levels by time:
     D:6: 1393 daAuts
     D:5: 1373 daAuts
     D:1: 1244 daAuts
     D:3: 1161 daAuts
     D:4: 1081 daAuts
     D:2: 847 daAuts
   Sewer: 789 daAuts
     D:8: 390 daAuts
  Temple: 312 daAuts
     D:7: 154 daAuts
 Ossuary: 23 daAuts
